 Dungeon Crawl Stone Soup version 0.24.0-2-g5b39cebb1c (webtiles) character file.

Game seed: 10344429403779903499, levelgen mode: deterministic

240 Masnef the Ruffian (level 6, -10/61 HPs)
             Began as an Ogre Warper on Oct 30, 2019.
             Mangled by an ogre
             ... wielding a +0 giant club
              (34 damage)
             ... on level 4 of the Dungeon.
             The game lasted 00:11:34 (3958 turns).

Masnef the Ruffian (Ogre Warper)                    Turns: 3958, Time: 00:11:35

Health: -10/61     AC:  3    Str: 16    XL:     6   Next: 8%
Magic:  5/9        EV: 11    Int: 14    God:
Gold:   183        SH:  0    Dex: 12    Spells: 1/9 levels left

rFire    . . .     SeeInvis +     - Unarmed
rCold    . . .     Gourm    .   (no shield)
rNeg     . . .     Faith    .   a - +0 robe
rPois    .         Spirit   .   (helmet restricted)
rElec    .         Reflect  .   (no cloak)
rCorr    .         Harm     .   (gloves unavailable)
MR       .....                  (boots unavailable)
Stlth    +.........             (no amulet)
HPRegen  0.20/turn              (no ring)
MPRegen  0.11/turn              (no ring)

@: shrouded
A: large, unfitting armour, see invisible, agile 2, dopey 1, tough skin 1
a: no special abilities


You were on level 4 of the Dungeon.
You were very hungry.

You visited 1 branch of the dungeon, and saw 4 of its levels.

You collected 183 gold pieces.

Inventory:

Hand Weapons
 i - a +2 dagger of venom
Missiles
 d - 5 boomerangs of dispersal (quivered)
Armour
 a - a +0 robe (worn)
Wands
 o - a wand of enslavement (9)
Scrolls
 b - 3 scrolls of remove curse
 c - a scroll of blinking
 e - 2 scrolls of enchant weapon
 k - a scroll of fear {unknown}
 n - a scroll of immolation {unknown}
Potions
 g - a potion of ambrosia {unknown}
 h - a potion of heal wounds {unknown}
 j - 2 potions of might
 l - 3 potions of curing
Comestibles
 f - 5 rations


   Skills:
 + Level 3.1 Fighting
 - Level 1.0 Throwing
 + Level 3.2 Dodging
 * Level 4.5 Unarmed Combat
 - Level 2.4 Spellcasting
 * Level 0.6 Hexes
 + Level 3.0 Translocations


You had one spell level left.
You knew the following spells:

 Your Spells              Type           Power        Failure   Level  Hunger
a - Confusing Touch       Hex            #.....       17%         1    #......
b - Shroud of Golubria    Chrm/Tloc      #.....       19%         2    ###....
c - Teleport Other        Tloc           ##......     21%         3    ###....
d - Blink                 Tloc           N/A          10%         2    ###....

Your spell library contained the following spells:

 Spells                   Type           Power        Failure   Level  Hunger
 Apportation              Tloc           ##....       7%          1    #......
 Animate Skeleton         Necr           N/A          22%         1    #......
 Magic Dart               Conj           #...         22%         1    #......
 Summon Small Mammal      Summ           #...         22%         1    #......
 Gell's Gravitas          Tloc           ##........   21%         3    ###....
 Lesser Beckoning         Tloc           ##........   21%         3    ###....
 Slow                     Hex            #.......     26%         2    ###....
 Call Imp                 Summ           #.......     34%         2    ###....
 Passage of Golubria      Tloc           N/A          54%         4    #####..
 Conjure Flame            Conj/Fire      #.......     56%         3    ###....
 Mephitic Cloud           Conj/Pois/Air  #.......     56%         3    ###....


Dungeon Overview and Level Annotations

Branches:
Dungeon (4/15)
 Temple: D:4-7

Altars:


Innate Abilities, Weirdness & Mutations

You are too large for most types of armour.
You have tough skin. (AC +1)
You have supernaturally acute eyesight. (SInv)
You are very agile. (Dex +4)
You are dopey. (Int -2)


Message History

The ogre is lightly wounded.
The ogre hits you with a +0 giant club!!
You are too injured to fight recklessly!
The ogre gestures wildly.
You hit the ogre but do no damage.
The ogre is lightly wounded.
Casting: Confusing Touch (safe; 17% risk of failure)
Confirm with . or Enter, or press ? or * to list all spells.
Space distorts slightly along a thin shroud covering your body.
The ogre gestures wildly.
You catch the helpless ogre completely off-guard!
You hit the ogre.
The ogre is moderately wounded.
You catch the helpless ogre completely off-guard!
You hit the ogre.
The ogre is moderately wounded.
The ogre seems less confused.
The ogre hits you with a +0 giant club!!
Ouch! That really hurt!
You die...

##.## #.#
#≈≈≈###.#
#..≈≈#≈≈##.###
##.≈###≈##...
#.≈ #≈≈#..#
#≈≈ ##≈#..# .≈
#≈#..# ..≈
#≈#.O###.# ...
#≈≈@.....#
##≈...####
#≈........
#≈.#######
#≈.# #≈.# #≈≈#
##≈≈ ##≈


You could see an ogre.

Vanquished Creatures
  A hound (D:3)
  An orc wizard (D:4)
  Jessica (D:2)
  Terence (D:2)
  5 adders
  An ooze (D:4)
  A dart slug (D:1)
  3 leopard geckos
  12 orcs
  2 giant cockroaches
  14 goblins
  3 hobgoblins
  7 jackals
  A quokka (D:2)
  2 ball pythons
  7 bats
  2 frilled lizards (D:2)
  2 kobolds
  2 quokka skeletons (D:4)
  3 rats
71 creatures vanquished.

Notes
Turn   | Place    | Note
-------+----------+-------------------------------------------
     0 | D:1      | Masnef the Ogre Warper began the quest for the Orb.
     0 | D:1      | Reached XP level 1. HP: 22/22 MP: 3/3
    60 | D:1      | Reached skill level 2 in Unarmed Combat
   226 | D:1      | Reached XP level 2. HP: 28/29 MP: 5/5
   250 | D:1      | Learned a level 2 spell: Blink
   253 | D:1      | Learned a level 2 spell: Shroud of Golubria
  1068 | D:2      | Reached XP level 3. HP: 36/36 MP: 3/6
  1080 | D:2      | Noticed Terence
  1121 | D:2      | Reached skill level 3 in Unarmed Combat
  1128 | D:2      | Gained mutation: You are agile. (Dex +2) [potion of
                  | mutation]
  1128 | D:2      | Gained mutation: You have supernaturally acute eyesight.
                  | (SInv) [potion of mutation]
  1128 | D:2      | Gained mutation: You are dopey. (Int -2) [potion of
                  | mutation]
  1128 | D:2      | Gained mutation: You are very agile. (Dex +4) [potion of
                  | mutation]
  1165 | D:2      | Killed Terence
  1165 | D:2      | Reached XP level 4. HP: 9/44 MP: 2/7
  1612 | D:2      | Noticed Jessica
  1614 | D:2      | Found a faded altar of an unknown god.
  1635 | D:2      | Killed Jessica
  1857 | D:2      | Learned a level 3 spell: Teleport Other
  2417 | D:2      | Reached XP level 5. HP: 34/53 MP: 4/8
  2708 | D:3      | Learned a level 1 spell: Confusing Touch
  2766 | D:3      | Reached skill level 4 in Unarmed Combat
  3568 | D:4      | Reached XP level 6. HP: 27/61 MP: 3/9
  3958 | D:4      | Mangled by an ogre

Levels and vault maps discovered:
D:1:      wander_arrival_fairy_ring, layout_rooms
D:2:      layout_loops_corners, chequers_ecumenical_altar_simple_redux,
          uniq_terence, uniq_jessica
D:3:      layout_rooms, first_ration
D:4:      layout_loops_corners, minmay_manual_mullet

Skill      XL: |  1  2  3  4  5 |
---------------+----------------+-----
Unarmed Combat | 2 3 4 |  4.5
Fighting       | 3 |  3.1
Dodging        | 3 |  3.2
Translocations | 3 |  3.0
Throwing       | |  1.0
Spellcasting   | |  2.4
Hexes          | |  0.6

Action                   |  1- 3 |  4- 6 || total
-------------------------+-------+-------++-------
Melee: Unarmed           |   134 |   202 ||   336
       Punch             |     1 |     2 ||     3
 Cast: Shroud of Golubri |     7 |    13 ||    20
       Confusing Touch   |       |    12 ||    12
  Use: Potion            |     4 |       ||     4
       Scroll            |       |     3 ||     3
 Stab: Confused          |       |     4 ||     4
       Sleeping          |       |     2 ||     2
  Eat: Chunk             |     1 |    10 ||    11
Armor: Robe              |    28 |    46 ||    74
Dodge: Dodged            |    70 |   150 ||   220
